 Dungeon Crawl Stone Soup version 0.29.1-13-g9f3cf754e1 (webtiles) character file.

Game seed: 2996316675575236842

8953 FexLirch the Thaumaturge (level 11, 0/71 (78) HPs)
             Began as a Djinni Air Elementalist on Jan 29, 2023.
             Was a Believer of Makhleb.
             Killed from afar by Josephine (23 damage)
             ... with a ghostly fireball
             ... on level 11 of the Dungeon.
             The game lasted 00:22:02 (12626 turns).

FexLirch the Thaumaturge (Djinni Air Elementalist) Turns: 12626, Time: 00:22:02

HP:   0/71 (78)     AC: 10    Str: 12    XL:     11   Next: 65%
Gold: 227           EV: 16    Int: 20    God:    Makhleb [**....] SH:  0 Dex: 18

rFire   + + +      SeeInvis .   x - +7 dagger "Yneul" {vamp, rCorr Str+5 Dex+3}
rCold   x . .      Faith    .   (no shield)
rNeg    . . .      Spirit   .   y - +0 steam dragon scales
rPois   ∞          Reflect  .   r - +1 helmet
rElec   .          Harm     .   B - +2 cloak {Stlth+}
rCorr   +          Rampage  .   (no gloves)
Will    ++...                   (boots unavailable)
Stlth   +++.......              (no amulet)
HPRegen 0.21/turn               l - ring of protection from fire
MPRegen 0.00/turn               E - ring of willpower

@: flying, slowed, drained, very slow
A: sickness immunity, fire resistance 2, cold vulnerability 1, float, innate
caster, HP casting, extra vitality 1
a: Renounce Religion, Minor Destruction


You were on level 11 of the Dungeon.
You worshipped Makhleb.
Makhleb was pleased with you.
You visited 2 branches of the dungeon, and saw 12 of its levels.

You collected 589 gold pieces.
You spent 362 gold pieces at shops.

Inventory:

Hand Weapons
 c - a +3 dagger
 f - a +2 antimagic dagger
 x - the +7 dagger "Yneul" (weapon) {vamp, rCorr Str+5 Dex+3}
   (You found it on level 6 of the Dungeon)

   It occasionally heals its wielder for a portion of the damage dealt when it
   wounds a living foe.
   Str:       It affects your strength (+5).
   Dex:       It affects your dexterity (+3).
   rCorr:     It protects you from acid and corrosion.
 z - the +8 short sword "Bamanasu" {flame, Dex+3 Stlth+}
   (You bought it in a shop on level 7 of the Dungeon)

   It burns those it strikes, dealing additional fire damage.
   Dex:       It affects your dexterity (+3).
   Stlth:     It makes you more stealthy.
Armour
 a - a +0 robe
 d - a +0 leather armour
 r - a +1 helmet (worn)
 y - +0 steam dragon scales (worn)
 B - a +2 cloak of stealth (worn)
Jewellery
 l - a ring of protection from fire (left hand)
 p - a +6 ring of intelligence
 E - a ring of willpower (right hand)
Wands
 m - a wand of flame (13)
 u - a wand of light (12)
 w - a wand of digging (9)
 H - a wand of mindburst (7)
Scrolls
 h - 4 scrolls of poison
 i - 3 scrolls of magic mapping
 j - 2 scrolls of silence {unknown}
 o - 4 scrolls of enchant armour
 s - 2 scrolls of vulnerability
 v - a scroll of summoning {unknown}
 C - 2 scrolls of teleportation
 F - a scroll of blinking
 I - a scroll of enchant weapon {unknown}
 J - a scroll of butterflies {unknown}
Potions
 b - 2 potions of curing
 e - 2 potions of flight {unknown}
 g - 2 potions of degeneration
 k - 4 potions of mutation
 n - a potion of attraction {unknown}
 q - 3 potions of resistance
 t - 3 potions of haste
 A - 2 potions of brilliance {unknown}
 D - a potion of ambrosia {unknown}
 G - 2 potions of heal wounds
 K - 2 potions of lignification {unknown}


   Skills:
 + Level 6.4 Fighting
 + Level 7.7 Dodging
 - Level 2.1 Stealth
 * Level 11.5 Spellcasting


You had 8 spell levels left.
You knew the following spells:

 Your Spells              Type           Power      Damage    Failure   Level
a - Shock                 Conj/Air       100%       1d9       1%          1
b - Static Discharge      Conj/Air       55%        3-10/arc  1%          2
c - Swiftness             Air            55%        N/A       1%          3
d - Airstrike             Air            27%        2d(4-20)  1%          4
e - Foxfire               Conj/Fire      100%       2x1d9     1%          1
f - Passwall              Tmut/Erth      45%        N/A       1%          2
g - Confusing Touch       Hex            55%        N/A       1%          3
h - Olgreb's Toxic Radia  Pois           55%        N/A       1%          4
i - Summon Forest         Summ/Tloc      27%        N/A       1%          5
Your spell library was empty.

Dungeon Overview and Level Annotations

Branches:
Dungeon (11/15)            Temple (1/1) D:5            Lair (0/5) D:9
    Orc: D:9-12

Altars:
Elyvilon
Hepliaklqana
Makhleb
Trog
Uskayaw
Yredelemnul
Zin
The Shining One

Shops:
D:7 (   D:9 ((*=*

Annotations:
D:7 2 transporters, Midpoint's ghost, novice TeDe
D:11 Josephine


Innate Abilities, Weirdness & Mutations

You are immune to sickness and miasma.
You are immune to poison.
Your flesh is very heat resistant. (rF++)
You are vulnerable to cold. (rC-)
You float through the air rather than walking.
You learn spells naturally, not from books.
Your magical power is your life essence.
You have superior vitality. (+4 MHP)


Message History

Confirm with . or Enter, or press ? or * to list all spells.
Josephine is struck by an arc of lightning!
Josephine is moderately wounded.
The wraith is struck by an arc of lightning!
The wraith is severely damaged.
The wraith is struck by an arc of lightning!
The wraith is moderately damaged.
The wraith is struck by an arc of lightning!
You destroy the wraith!
Makhleb accepts your kill.
The lightning grounds out.
Josephine hits you with a +0 dagger. Josephine hits you with a +0 dagger!
Casting: Static Discharge (safe; 1% risk of failure)
Confirm with . or Enter, or press ? or * to list all spells.
Josephine is struck by an arc of lightning!
Josephine is heavily wounded.
The wraith is struck by an arc of lightning!
The wraith is heavily damaged.
Josephine is struck by an arc of lightning.
Josephine is heavily wounded.
The wraith is struck by an arc of lightning!
The wraith is severely damaged.
The lightning grounds out.
Josephine hits you but does no damage.
Casting: Static Discharge (safe; 1% risk of failure)
Confirm with . or Enter, or press ? or * to list all spells.
Josephine is struck by an arc of lightning!
Josephine is severely wounded.
The wraith is struck by an arc of lightning!
You destroy the wraith!
Makhleb accepts your kill.
The lightning grounds out.
Josephine casts a spell at you.
The ghostly flame explodes!
The ghostly fireball engulfs you!!
You feel drained.
The ghostly fireball engulfs Josephine.
Josephine completely resists.
Josephine grins malevolently.
Josephine gestures at you while chanting.
The ghostly flame explodes!
The ghostly fireball engulfs you!!
You feel drained.
You die...

####### ###########
....... #.........#
.......######.........#
......W@@.............#
......W######.........#
.....). #.........#
....... #.........#
....... ######.####
.....). ##.# .......
####..# ####+##
##....## #..####


You could see Josephine (poisoned) and 2 wraiths.

Vanquished Creatures
  A hydra (D:11)
  2 two-headed ogres (D:8)
  Joseph (D:7)
  2 kobold demonologists (D:11)
  2 trolls (D:10)
  A hornet (D:10)
  3 yaks (D:10)
  5 wraiths
  Sigmund (D:6)
  A wyvern (D:9)
  A steam dragon (D:7)
  Eustachio (D:6)
  Menkaure (D:7)
  Edmund (D:6)
  2 wargs (D:9)
  8 water moccasins
  An orc warrior (D:9)
  An ice beast (D:7)
  A black bear (D:7)
  2 centaurs
  3 kobold brigands (D:11)
  2 bullfrogs (D:7)
  A necrophage (D:6)
  3 scorpions
  3 killer bees (D:9)
  3 howler monkeys
  2 electric eels (D:10)
  Crazy Yiuf (D:7)
  8 orc priests
  3 hounds
  2 jellies (D:7)
  4 iguanas
  12 orc wizards
  7 gnolls
  8 adders
  A shadow imp (D:8)
  A white imp (D:4)
  An ufetubus (D:5)
  A worm (D:4)
  28 orcs
  3 ball pythons
  4 endoplasms
  A giant cockroach (D:4)
  3 goblins
  2 hobgoblins
  7 jackals
  A quokka (D:2)
  5 bats
  3 frilled lizards (D:2)
  7 kobolds
  6 rats
  A foxfire (D:9)
175 creatures vanquished.

Vanquished Creatures (collateral kills)
  3 yaks (D:10)
3 creatures vanquished.

Vanquished Creatures (others)
  An orc wizard (D:7)
  A ball python (D:3)
  166 foxfires
  A fungus (D:7)
169 creatures vanquished.

Grand Total: 347 creatures vanquished

Notes
Turn   | Place    | Note
-------+----------+-------------------------------------------
     0 | D:1      | FexLirch the Djinni Air Elementalist began the quest for
                  | the Orb.
     0 | D:1      | FexLirch set off with the following spells memorised:
                  | Shock, Static Discharge, Swiftness, Airstrike.
     0 | D:1      | Reached XP level 1. HP: 15/15 MP: 0/0
   497 | D:1      | Reached XP level 2. HP: 17/21 MP: 0/0
  1466 | D:2      | Reached XP level 3. HP: 10/25 MP: 0/0
  1466 | D:2      | Learned a level 1 spell: Foxfire
  1803 | D:2      | Reached skill level 3 in Spellcasting
  1804 | D:2      | Reached XP level 4. HP: 15/31 MP: 0/0
  2908 | D:3      | Reached XP level 5. HP: 33/35 MP: 0/0
  2908 | D:3      | Learned a level 2 spell: Passwall
  2961 | D:3      | Found a glowing golden altar of the Shining One.
  3029 | D:3      | Found a basalt altar of Yredelemnul.
  3091 | D:4      | Found a burning altar of Makhleb.
  3111 | D:4      | Became a worshipper of Makhleb the Destroyer
  3147 | D:4      | Noticed a water moccasin
  3151 | D:4      | Killed a water moccasin
  3152 | D:4      | Reached skill level 4 in Spellcasting
  3152 | D:4      | Reached XP level 6. HP: 31/40 MP: 0/0
  3476 | D:4      | Reached skill level 5 in Spellcasting
  3691 | D:5      | Entered Level 5 of the Dungeon
  3751 | D:5      | Noticed a water moccasin
  3755 | D:5      | Killed a water moccasin
  3756 | D:5      | Reached XP level 7. HP: 31/45 MP: 0/0
  3756 | D:5      | Learned a level 3 spell: Confusing Touch
  4074 | D:5      | Noticed a water moccasin
  4079 | D:5      | Killed a water moccasin
  4080 | D:5      | Reached skill level 6 in Spellcasting
  4458 | D:5      | Found a staircase to the Ecumenical Temple.
  4467 | Temple   | Entered the Ecumenical Temple
  4598 | D:5      | Reached * piety under Makhleb
  4603 | D:5      | Reached XP level 8. HP: 13/50 MP: 0/0
  5327 | D:6      | Noticed Sigmund
  5329 | D:6      | Killed Sigmund
  5330 | D:6      | Reached skill level 7 in Spellcasting
  5540 | D:6      | Noticed Eustachio
  5550 | D:6      | Killed Eustachio
  5929 | D:6      | Reached skill level 8 in Spellcasting
  6189 | D:6      | Noticed Edmund
  6203 | D:6      | Killed Edmund
  6204 | D:6      | Reached XP level 9. HP: 42/55 MP: 0/0
  6204 | D:6      | Learned a level 4 spell: Olgreb's Toxic Radiance
  6314 | D:6      | Identified the +7 dagger "Yneul" {vamp, rCorr Str+5 Dex+3}
  6865 | D:7      | Noticed Menkaure
  6869 | D:7      | Killed Menkaure
  6870 | D:7      | Reached skill level 9 in Spellcasting
  6921 | D:7      | Noticed a moth of wrath
  6921 | D:7      | Noticed a two-headed ogre
  6930 | D:7      | Found a transporter.
  6936 | D:7      | Noticed Midpoint's ghost (novice TeDe)
  6942 | D:7      | Found a transporter.
  7086 | D:7      | Noticed Joseph
  7093 | D:7      | Killed Joseph
  7094 | D:7      | Reached skill level 1 in Fighting
  7550 | D:7      | Found Veomaiko's Antique Weapon Emporium.
  7558 | D:7      | Bought an encrusted short sword for 248 gold pieces
  7558 | D:7      | Identified the +8 short sword "Bamanasu" {flame, Dex+3
                  | Stlth+} (You bought it in a shop on level 7 of the Dungeon)
  7755 | D:7      | Reached ** piety under Makhleb
  7756 | D:7      | Reached XP level 10. HP: 55/65 MP: 0/0
  8483 | D:7      | Found a runed translucent door.
  8484 | D:7      | Noticed Crazy Yiuf
  8491 | D:7      | Killed Crazy Yiuf
  8687 | D:8      | Noticed a two-headed ogre
  8890 | D:8      | Noticed a two-headed ogre
  8930 | D:8      | Killed a two-headed ogre
  8931 | D:8      | Reached skill level 5 in Dodging
  8931 | D:8      | Reached skill level 10 in Spellcasting
  9130 | D:8      | Found a faded altar of an unknown god.
  9130 | D:8      | Found a glowing silver altar of Zin.
  9138 | D:8      | Found a white marble altar of Elyvilon.
  9145 | D:8      | Found a hide-covered altar of Uskayaw.
  9468 | D:8      | Identified the +7 dagger "Opamucs" {vorpal, Drain rElec
                  | MP+9 Dex+2}
  9503 | D:8      | Killed a two-headed ogre
  9816 | D:9      | Found Nouceont's General Store.
  9821 | D:9      | Bought a scroll of blinking for 90 gold pieces
  9821 | D:9      | Bought a scroll of identify for 24 gold pieces
  9900 | D:9      | Found Nocuprot's Jewellery Emporium.
  9951 | D:9      | Found Ytram Semo's Assorted Antiques.
 10305 | D:9      | Reached skill level 5 in Fighting
 10544 | D:9      | Found a staircase to the Lair.
 10574 | D:9      | Reached XP level 11. HP: 66/75 MP: 0/0
 10574 | D:9      | Learned a level 5 spell: Summon Forest
 10723 | D:9      | Found Mineato's Weapon Shoppe.
 10732 | D:9      | Found Wipigal's Weapon Emporium.
 10821 | D:10     | Entered Level 10 of the Dungeon
 11058 | D:10     | Found a bloodstained altar of Trog.
 11220 | D:10     | Reached skill level 11 in Spellcasting
 12277 | D:11     | Noticed a five-headed hydra
 12281 | D:11     | Killed a five-headed hydra
 12616 | D:11     | Noticed Josephine
 12626 | D:11     | Killed from afar by Josephine

Illustrated notes

Levels and vault maps discovered:
D:1:      lemuel_arrival_lava_pool, layout_basic
D:2:      layout_rooms, serial_corexii_hall, corexii_hall_statues_l,
          corexii_hall_statues_x
D:3:      layout_rooms, grunt_temple_overflow_holy_war, dreamdust_wishing_well
D:4:      layout_cave_pools, mainiacjoe_overflow_boulevard
D:5:      layout_cave_pools, minmay_temple_entry_waves
D:6:      layout_gridville, serial_glass, glass_columns_b, glass_columns_a,
          minmay_misc_feat_plants, uniq_sigmund, uniq_edmund, uniq_eustachio
D:7:      layout_layer_cave, serial_shops, shop,
          gammafunk_ghost_wrathful_warriors, uniq_menkaure,
          uniq_crazy_yiuf_cottage, uniq_joseph
D:8:      layout_basic, chequers_temple_overflow_minitemple
D:9:      layout_roguey, erik_lair_orcish_takeover, serial_shops, shop,
          kennysheep_mini_moat, shop, shop, nicolae_stop_n_shop_2
D:10:     layout_basic, bloody_trog
D:11:     layout_roguey, minmay_misc_feat_chi, uniq_josephine
Temple:   nicolae_temple_bog_church

Skill      XL: |  1  2  3  4  5  6  7  8  9 10 11 |
---------------+----------------------------------+-----
Stealth        | 2 |  2.1
Spellcasting   | 3 4 5 6 8 9 10 11 | 11.5
Dodging        | 4 6 7 |  7.7
Fighting       | 2 5 6 |  6.4

Action                   |  1- 3 |  4- 6 |  7- 9 | 10-12 || total
-------------------------+-------+-------+-------+-------++-------
Melee: Dagger            |       |     3 |     7 |    10 ||    20
 Cast: Shock             |    44 |    22 |    25 |    35 ||   126
       Static Discharge  |     3 |     4 |    18 |    34 ||    59
       Foxfire           |       |    20 |    45 |    32 ||    97
       Airstrike         |       |     9 |    41 |    35 ||    85
       Swiftness         |       |       |     1 |     3 ||     4
       Olgreb's Toxic Ra |       |       |     7 |    18 ||    25
       Passwall          |       |       |     1 |       ||     1
       Summon Forest     |       |       |       |     1 ||     1
  Use: Scroll            |       |       |     1 |     9 ||    10
       Potion            |       |       |     1 |       ||     1
Armor: Robe              |     1 |     3 |     2 |       ||     6
       Leather armour    |       |       |     2 |       ||     2
       Steam dragon scal |       |       |       |    10 ||    10
Dodge: Dodged            |     4 |     8 |    23 |    28 ||    63
